 Dungeon Crawl Stone Soup version 0.22-a0-433-gd2a9cce (webtiles) character file.

1464 Borgoz the Grappler (level 8, -8/69 HPs)
             Began as a Ghoul Abyssal Knight on May 27, 2018.
             Was a Priest of Lugonu.
             Mangled by a gnoll shaman
             ... wielding a +0 whip
              (12 damage)
             ... on level 4 of the Dungeon.
             The game lasted 00:11:24 (5166 turns).

Borgoz the Grappler (Ghoul Abyssal Knight)          Turns: 5166, Time: 00:11:24

Health: -8/69      AC:  3    Str: 16    XL:     8   Next: 77%
Magic:  8/8        EV: 13    Int:  7    God:    Lugonu [***...]
Gold:   256        SH:  0    Dex: 10    Spells: 7/7 levels left

rFire    + . .     SeeInvis .     - Unarmed
rCold    + + .     Gourm    .   (no shield)
rNeg     + + +     Faith    .   x - +0 leather armour
rPois    ∞         Spirit   .   (no helmet)
rElec    .         Reflect  .   (no cloak)
rCorr    .         Harm     .   (no gloves)
MR       .....                  (no boots)
Stlth    +.........             (no amulet)
HPRegen  0.00/turn              m - ring of protection from cold
MPRegen  0.11/turn              s - ring of protection from fire

@: rotting
A: rotting body, claws 1, carnivore, cold resistance 1, negative energy
resistance 3, inhibited regeneration, torment resistance, unbreathing
a: Depart the Abyss, Bend Space, Banish, Renounce Religion


You were on level 4 of the Dungeon.
You worshipped Lugonu.
Lugonu was most pleased with you.
You were not hungry.

You visited 1 branch of the dungeon, and saw 6 of its levels.
You visited the Abyss 1 time.

You collected 256 gold pieces.

Inventory:

Missiles
 w - 3 tomahawks (quivered)
Armour
 x - a +0 leather armour (worn)
Jewellery
 f - an uncursed ring of poison resistance
 h - an uncursed ring of wizardry
 m - a ring of protection from cold (left claw)
 p - an uncursed ring of flight
 s - a ring of protection from fire (right claw)
 u - a +5 ring of protection {unknown}
Wands
 e - a wand of random effects (18)
 i - a wand of digging (1)
 v - a wand of acid (6)
Scrolls
 d - 4 scrolls of amnesia
 g - 4 scrolls of immolation
 k - 2 scrolls of remove curse
 l - 2 scrolls of fog
 o - a scroll of fear {unknown}
 r - a scroll of blinking
 t - a scroll of enchant weapon {unknown}
 y - a scroll of teleportation {unknown}
Potions
 c - a potion of magic
 j - 2 potions of haste
 n - a potion of agility
 q - a potion of curing
Comestibles
 a - 5 chunks of flesh
 b - 8 rations


   Skills:
 + Level 5.4 Fighting
 + Level 0.1 Throwing
 + Level 4.2 Armour
 + Level 3.9 Dodging
 + Level 1.6 Stealth
 + Level 8.4 Unarmed Combat
 + Level 2.0 Invocations


You had 7 spell levels left.
You didn't know any spells.
Your spell library was empty.

Dungeon Overview and Level Annotations

Branches:
Dungeon (6/15)             Temple (0/1) D:5

Altars:
Hepliaklqana
Kikubaaqudgha
Makhleb
Qazlal
Yredelemnul


Innate Abilities, Weirdness & Mutations

Your body is rotting away.
You thrive on raw meat.
You are immune to poison.
You have sharp fingernails.
You are carnivorous and can eat meat at any time.
Your flesh is cold resistant. (rC+)
You are immune to negative energy. (rN+++)
You do not regenerate when monsters are visible.
You are immune to unholy pain and torment.
You can survive without breathing.


Message History

Okay, then.
You climb downwards.
The ogre hits you with a giant club!!
There is a stone staircase leading up here.
The gnoll shaman hits you with a whip. The ogre closely misses you.
The gnoll hits you from afar with a halberd.
You climb upwards.
There is a stone staircase leading down here.
You closely miss the ogre. You claw the ogre!
The ogre is moderately wounded.
The gnoll shaman hits you but does no damage.
The ogre hits you with a giant club!!
You claw the ogre!
The ogre is heavily wounded.
The gnoll shaman misses you.
You scratch the ogre.
The ogre is severely wounded.
The ogre hits you with a giant club!!
* * * LOW HITPOINT WARNING * * *
The gnoll shaman hits you with a whip!
You die...

##......#####......#
#.# ...##.#.#
##.....# #.#
...##.#.# #.....#
#.# [..##.#.#
#.....# #.#
#####.#.# #.....#
#.# ......#.#
#...### #.#
#######'## ##..# #.#
#....# #Og# #.#
#....# #.@# #.#
#....# #### #.#
#....#
##############.# ##
#....#
#..............# .#
#....#
#.############## ##
#....# #.# #....#
#.# ###'#######.#
#.#.......#


You could see an ogre and a gnoll shaman.

Vanquished Creatures
  A troll (D:5)
  A human (D:3)
  2 ice beasts (D:5)
  2 ogres
  A centaur (D:5)
  A bullfrog (D:6)
  A bullfrog zombie (D:5)
  2 centaur zombies (D:5)
  3 hounds
  8 worker ants
  An orc wizard (D:4)
  A worker ant zombie (D:5)
  6 gnolls
  5 adders
  An ooze (D:3)
  A dart slug (D:2)
  2 leopard geckos
  11 orcs
  14 bats
  6 giant cockroaches
  4 hobgoblins
  8 jackals (D:5)
  2 quokkas
  2 ball pythons
  2 frilled lizards (D:1)
  7 goblins
  A goblin skeleton (D:3)
  4 kobolds
  10 rats
110 creatures vanquished.

Vanquished Creatures (others)
  An orc (D:6)
1 creature vanquished.

Grand Total: 111 creatures vanquished

Notes
Turn   | Place    | Note
-------+----------+-------------------------------------------
     0 | Abyss:1  | Borgoz the Ghoul Abyssal Knight began the quest for the Orb.
     0 | Abyss:1  | Reached XP level 1. HP: 19/19 MP: 1/1
    35 | Abyss:1  | Noticed a large abomination
    36 | D:1      | Escaped the Abyss
   127 | D:1      | Reached XP level 2. HP: 26/26 MP: 2/2
   128 | D:1      | Reached * piety under Lugonu
   251 | D:1      | Reached skill level 1 in Dodging
   302 | D:1      | You fall through a shaft!
   350 | D:2      | Reached XP level 3. HP: 9/33 MP: 3/3
   854 | D:2      | Found a hazy altar of Hepliaklqana.
  1080 | D:1      | Reached skill level 3 in Unarmed Combat
  1080 | D:1      | Reached XP level 4. HP: 40/40 MP: 4/4
  1671 | D:3      | Reached ** piety under Lugonu
  1846 | D:3      | Found a runed door.
  1846 | D:3      | Noticed a human
  1849 | D:3      | Found a basalt altar of Yredelemnul.
  1876 | D:3      | Killed a human
  1876 | D:3      | Reached skill level 4 in Unarmed Combat
  1876 | D:3      | Reached XP level 5. HP: 23/47 MP: 5/5
  2094 | D:3      | Reached XP level 6. HP: 44/52 MP: 6/6
  2173 | D:3      | Found an ancient bone altar of Kikubaaqudgha.
  2173 | D:3      | Found a burning altar of Makhleb.
  2815 | D:4      | Reached skill level 5 in Unarmed Combat
  3088 | D:5      | Entered Level 5 of the Dungeon
  3132 | D:5      | Reached skill level 1 in Stealth
  3132 | D:5      | Reached XP level 7. HP: 35/59 MP: 7/7
  3203 | D:5      | Noticed a troll
  3477 | D:5      | Reached skill level 6 in Unarmed Combat
  3870 | D:5      | Reached skill level 7 in Unarmed Combat
  3870 | D:5      | Reached XP level 8. HP: 25/67 MP: 8/8
  3918 | D:5      | Reached skill level 5 in Fighting
  4276 | D:6      | Found a stormy altar of Qazlal.
  4431 | D:5      | Reached *** piety under Lugonu
  4821 | D:5      | Killed a troll
  4821 | D:5      | Reached skill level 8 in Unarmed Combat
  4913 | D:5      | Found a staircase to the Ecumenical Temple.
  5166 | D:4      | Mangled by a gnoll shaman

Vault maps used:
D:1:      dpeg_arrival_tiny_a
D:2:      lemuel_coloured_pillars_altar, minmay_misc_feat_tower
D:3:      amethyst_overflow_temple_binary, first_ration, dk_yredelemnul_ordeal
D:4:      serial_park_tiny_pond
D:5:      lemuel_castle_with_subvaults, minmay_temple_entry_poolview
D:6:      grunt_qazlal_clouds

Skill      XL: |  1  2  3  4  5  6  7  8 |
---------------+-------------------------+-----
Armour         | 2 3 4 |  4.2
Dodging        | 1 2 3 |  3.9
Fighting       | 4 5 |  5.4
Unarmed Combat | 3 4 5 7 8 |  8.4
Stealth        | 1 |  1.6
Throwing       | |  0.1
Invocations    | |  2.0

Action                   |  1- 3 |  4- 6 |  7- 9 || total
-------------------------+-------+-------+-------++-------
Melee: Unarmed           |    87 |   148 |   211 ||   446
       Punch             |     1 |     1 |    11 ||    13
Throw: Tomahawk          |       |       |     3 ||     3
Invok: Depart the Abyss  |     1 |       |       ||     1
  Use: Potion            |     5 |     6 |     4 ||    15
       Scroll            |       |     4 |     6 ||    10
 Stab: Sleeping          |       |     1 |       ||     1
  Eat: Chunk             |     2 |     9 |    28 ||    39
Armor: Leather armour    |    31 |    35 |    43 ||   109
Dodge: Dodged            |    57 |    86 |   152 ||   295

Table legend:
 A = Spawn XP
 B = Non-spawn XP
 C = Spawn XP percentage of total XP
 D = Spawn monster count
 E = Non-spawn monster count
 F = Spawn count percentage of total count
 G = Total turns spent on level
                    A         B        C        D         E        F      G
               +---------+---------+-------+---------+---------+-------+---------
         Total |       0 |    2092 |   0.0 |       0 |     110 |   0.0 |  5166
               +---------+---------+-------+---------+---------+-------+---------
           D:1 |       0 |      49 |   0.0 |       0 |      23 |   0.0 |   560
           D:2 |       0 |      44 |   0.0 |       0 |      14 |   0.0 |   895
           D:3 |       0 |     229 |   0.0 |       0 |      18 |   0.0 |   812
           D:4 |       0 |     221 |   0.0 |       0 |      15 |   0.0 |  1288
           D:5 |       0 |    1243 |   0.0 |       0 |      33 |   0.0 |  1227
           D:6 |       0 |     306 |   0.0 |       0 |       7 |   0.0 |   348
               +---------+---------+-------+---------+---------+-------+---------
